 Dungeon Crawl Stone Soup version 0.23.0-3-gf3c87f2 (webtiles) character file.

Game seed: 4273139945032871647

60 Azzok the Slasher (level 4, -2/31 HPs)
             Began as an Octopode Fighter on Feb 22, 2019.
             Slain by an orc wizard
             ... wielding a +0 dagger of draining
              (3 damage)
             ... on level 3 of the Dungeon.
             The game lasted 00:02:33 (2125 turns).

Azzok the Slasher (Octopode Fighter)                Turns: 2125, Time: 00:02:34

Health: -2/31      AC:  1    Str: 15    XL:     4   Next: 4%
Magic:  4/4        EV: 10    Int: 11    God:
Gold:   75         SH:  0    Dex: 11    Spells: 3/3 levels left

rFire    . . .     SeeInvis .   a - +0 long sword
rCold    . . .     Gourm    .   b - +0 shield
rNeg     . . .     Faith    .   (helmet restricted)
rPois    .         Spirit   .   (no amulet)
rElec    .         Reflect  .   (no ring)
rCorr    .         Harm     .   (no ring)
MR       .....                  (no ring)
Stlth    ++........             (no ring)
HPRegen  0.10/turn              (no ring)
MPRegen  0.09/turn              (no ring)
                                (no ring)
                                (no ring)

@: confused, heavily drained
A: almost no armour, stealthy swim, amphibious, 8 rings, constrict 8, camouflage
1, gelatinous body 1
a: no special abilities


You were on level 3 of the Dungeon.
You were hungry.

You visited 1 branch of the dungeon, and saw 3 of its levels.

You collected 75 gold pieces.

Inventory:

Hand Weapons
 a - a +0 long sword (weapon)
Armour
 b - a +0 shield (worn)
Scrolls
 g - a scroll of remove curse {unknown}
 h - a scroll of identify {unknown}
 i - a scroll of teleportation {unknown}
 j - a scroll of enchant weapon {unknown}
 k - 2 scrolls of enchant armour {unknown}
Potions
 c - a potion of might
 e - 2 potions of curing {unknown}
 f - 2 potions of berserk rage {unknown}
Comestibles
 d - 6 rations


   Skills:
 - Level 3.0(1.5) Fighting
 + Level 3.5(1.9) Long Blades
 - Level 3.0(1.5) Dodging
 - Level 3.0(1.5) Stealth
 - Level 3.0(1.5) Shields


You had 3 spell levels left.
You didn't know any spells.
Your spell library was empty.

Dungeon Overview and Level Annotations

Branches:
Dungeon (3/15)

Altars:
Makhleb


Innate Abilities, Weirdness & Mutations

You cannot wear most types of armour.
You are very stealthy in the water. (Stealth+)
You are amphibious.
You can wear up to eight rings at the same time.
You can use your tentacles to constrict eight enemies at once.
Your skin changes colour to match your surroundings (Stealth+).
Your rubbery body absorbs attacks. (AC +1, EV +1)


Message History

You barely miss something. Something hits you.
You feel drained.
You hit something. Something hits you.
You feel drained.
You hear some strange, mumbled words.
A puff of flame appears from out of thin air!
You block the puff of flame.
Your shield prevents you from hitting something.
Your squeeze misses something.
You hear some strange, mumbled words.
You are confused.
You barely miss something.
You hear some strange, mumbled words.
A magic dart appears from out of thin air!
The magic dart hits you!
* * * LOW HITPOINT WARNING * * *
You miss something. Something hits you.
* * * LOW HITPOINT WARNING * * *
You feel drained.
* * * LOW HITPOINT WARNING * * *
Something hits you.
You die...

·· ·▒ ▒· · ▒▒·▒▒·
···· ▒▒▒ ▒······▒
··▒▒▒▒··▒l▒·▒▒▒▒·▒
·o········▒·····
▒·{▒▒▒··▒
▒·)@·)··▒
▒·····▒▒▒▒▒)▒
▒·▒▒▒▒ ▒····▒
▒·▒▒▒▒ ▒·▒ ▒·▒ ▒·▒
▒·▒ ▒·▒ ▒·▒


There were no monsters in sight!

Vanquished Creatures
  A gnoll (D:1)
  2 oozes (D:2)
  A leopard gecko (D:3)
  2 orcs (D:3)
  A bat (D:1)
  3 giant cockroaches
  8 hobgoblins
  5 frilled lizards
  4 goblins
  5 kobolds
  7 rats
39 creatures vanquished.

Notes
Turn   | Place    | Note
-------+----------+-------------------------------------------
     0 | D:1      | Azzok the Octopode Fighter began the quest for the Orb.
     0 | D:1      | Reached XP level 1. HP: 16/16 MP: 1/1
   105 | D:1      | Reached skill level 1 in Stealth
   219 | D:1      | Reached XP level 2. HP: 6/21 MP: 2/2
   594 | D:1      | Reached XP level 3. HP: 22/26 MP: 3/3
  1700 | D:2      | Found a burning altar of Makhleb.
  2116 | D:3      | Reached XP level 4. HP: 30/31 MP: 4/4
  2125 | D:3      | HP: 1/31 [something (1)]
  2125 | D:3      | Slain by an orc wizard

Skill      XL: |  1  2  3 |
---------------+----------+-----
Stealth        | 3 |  3.0
Long Blades    | 3 |  3.5
Fighting       | |  3.0
Dodging        | |  3.0
Shields        | |  3.0

Action                   |  1- 3 |  4- 6 || total
-------------------------+-------+-------++-------
Melee: Long sword        |    62 |     9 ||    71
       Constrict         |    20 |     1 ||    21
       Tentacles         |    12 |     1 ||    13
 Stab: Distracted        |     1 |       ||     1
       Sleeping          |     6 |       ||     6
  Eat: Chunk             |     3 |       ||     3
Armor: Skin              |     1 |       ||     1
Dodge: Dodged            |    23 |     1 ||    24
Block: Shield            |    19 |     1 ||    20
       Rpst.: Long sword |     8 |       ||     8
